AAA EAST
SYRACUSE CHIEFS @ NORFOLK TIDES
05/12/2042
 
TOP OF THE 1ST
Syracuse Chiefs batting - Pitching for Norfolk Tides : RHP Jorge Arguelles
Pitching: RHP Jorge Arguelles
Batting: RHB Randy Simms 0-0: Ball
1-0: Foul Ball, location: 5F
1-1: Foul Ball, location: 3DF
1-2: Ball
2-2: Foul Ball, location: 9LSF
2-2: Ground out 6-3 (Groundball, 6, EV 103.8 MPH)
Batting: RHB Joe Smith 0-0: Foul Ball, location: 2F
0-1: Foul Ball, location: 9LMF
0-2: Foul Ball, location: 2F
0-2: Fly out, F8 (Flyball, 8RM, EV 88.8 MPH)
Batting: LHB Pancho Moreno 0-0: Called Strike
0-1: Ball
1-1: Ground out 4-3 (Groundball, 4, EV 110.0 MPH)
Top of the 1st over - 0 runs, 0 hits, 0 errors, 0 left on base; Syracuse 0 - Norfolk 0
BOTTOM OF THE 1ST
Norfolk Tides batting - Pitching for Syracuse Chiefs : LHP Jian-guo Liao
Pitching: LHP Jian-guo Liao
Batting: RHB Víctor Vera 0-0: Called Strike
0-1: Ball
1-1: Ball
2-1: Ball
3-1: Ground out 4-3 (Groundball, 4, EV 107.5 MPH)
Batting: RHB Chuck Lee 0-0: Called Strike
0-1: Called Strike
0-2: SINGLE (Groundball, 15S, EV 66.3 MPH) (infield hit)
Batting: RHB Greg Clay 0-0: Fly out, F8 (Flyball, 89S, EV 88.1 MPH)
Batting: LHB Jeff Hodge 0-0: Fly out, F7 (Flyball, 7S, EV 91.3 MPH)
Bottom of the 1st over - 0 runs, 1 hit, 0 errors, 1 left on base; Syracuse 0 - Norfolk 0
TOP OF THE 2ND
Syracuse Chiefs batting - Pitching for Norfolk Tides : RHP Jorge Arguelles
Batting: RHB César Ortíz 0-0: Called Strike
0-1: Swinging Strike
0-2: Ball
1-2: Strikes out swinging, 2-3 out at first.
Batting: LHB Lauro Malaparte 0-0: Foul Ball, location: 7LMF
0-1: Foul Ball, location: 7LSF
0-2: Strikes out swinging
Batting: RHB Dave Smith 0-0: Foul Ball, location: 2F
0-1: Foul Ball, location: 2F
0-2: Strikes out looking
Top of the 2nd over - 0 runs, 0 hits, 0 errors, 0 left on base; Syracuse 0 - Norfolk 0
BOTTOM OF THE 2ND
Norfolk Tides batting - Pitching for Syracuse Chiefs : LHP Jian-guo Liao
Batting: RHB Tommy Reyna 0-0: Called Strike
0-1: Ball
1-1: Called Strike
1-2: Foul Ball, location: 2F
1-2: Ball
2-2: Ground out 6-3 (Groundball, 6, EV 101.3 MPH)
Batting: LHB Cristo Guerrero 0-0: Called Strike
0-1: Called Strike
0-2: Ball
1-2: Ball
2-2: Ball
3-2: SOLO HOME RUN (Flyball, 89XD, EV 110.0 MPH), Distance : 428 ft
Batting: RHB Jerry Powell 0-0: Called Strike
0-1: Called Strike
0-2: Ball
1-2: Foul Ball, location: 2F
1-2: Strikes out swinging
Batting: RHB Conor Corbet 0-0: Ball
1-0: Ball
2-0: Ball
3-0: Base on Balls
Batting: LHB Dave Graham 0-0: Called Strike
0-1: Ball
1-1: Ball
2-1: Foul Ball, location: 3F
2-2: Ball
3-2: Ground out 4-3 (Groundball, 4, EV 85.6 MPH)
Bottom of the 2nd over - 1 run, 1 hit, 0 errors, 1 left on base; Syracuse 0 - Norfolk 1
TOP OF THE 3RD
Syracuse Chiefs batting - Pitching for Norfolk Tides : RHP Jorge Arguelles
Batting: LHB Jamie Smith 0-0: Ball
1-0: Ball
2-0: Ball
3-0: Called Strike
3-1: Fly out, F9 (Flyball, 9S, EV 92.5 MPH)
Batting: RHB Jim Thompson 0-0: Ball
1-0: Ball
2-0: Swinging Strike
2-1: Ball
3-1: Fly out, F9 (Flyball, 89D, EV 94.4 MPH)
Batting: RHB Jimmy Frazier 0-0: Swinging Strike
0-1: Ball
1-1: Ground out 4-3 (Groundball, 4, EV 107.5 MPH)
Top of the 3rd over - 0 runs, 0 hits, 0 errors, 0 left on base; Syracuse 0 - Norfolk 1
BOTTOM OF THE 3RD
Norfolk Tides batting - Pitching for Syracuse Chiefs : LHP Jian-guo Liao
Batting: RHB Víctor Vera 0-0: Ball
1-0: Ball
2-0: Called Strike
2-1: Ball
3-1: Base on Balls
Batting: RHB Chuck Lee 0-0: Ball
1-0: Bunted foul
1-1: Sac Bunt to 23 - play at first, batter OUT! 3-4
Víctor Vera to second
Batting: RHB Greg Clay 0-0: Called Strike
0-1: Ball
1-1: Ball
2-1: Foul Ball, location: 23FF
2-2: SINGLE (Groundball, 56S, EV 71.3 MPH) (infield hit)
Víctor Vera to third
Batting: LHB Jeff Hodge 0-0: Ball
1-0: Ball
2-0: Foul Ball, location: 23F
2-1: Foul Ball, location: 7LDF
2-2: Foul Ball, location: 7LSF
2-2: Ball
3-2: Foul Ball, location: 2F
3-2: Fly out, F8 (Flyball, 8LXD, EV 81.9 MPH)
Runner from 3rd tags up, SCORES, no throw by CF
Batting: RHB Tommy Reyna 0-0: Foul Ball, location: 5FF
0-1: Ball
1-1: Called Strike
Greg Clay steals 2nd base (no throw)
1-2: Ball
2-2: Ground out 3-1 (Groundball, 34S, EV 85.6 MPH)
Bottom of the 3rd over - 1 run, 1 hit, 0 errors, 1 left on base; Syracuse 0 - Norfolk 2
TOP OF THE 4TH
Syracuse Chiefs batting - Pitching for Norfolk Tides : RHP Jorge Arguelles
Batting: RHB Randy Simms 0-0: Foul Ball, location: 9LSF
0-1: Fly out, F3 (Popup, 34, EV 64.4 MPH)
Batting: RHB Joe Smith 0-0: DOUBLE (Line Drive, 78D, EV 100.6 MPH)
Batting: LHB Pancho Moreno 0-0: Ball
1-0: Ball
2-0: Foul Ball, location: 7LMF
2-1: Ball
3-1: Base on Balls
Batting: RHB César Ortíz 0-0: Ball
1-0: Ball
2-0: Called Strike
2-1: Ball
Wild Pitch!
Joe Smith to third
Pancho Moreno to second
3-1: Called Strike
3-2: Foul Ball, location: 2F
3-2: Base on Balls
Batting: LHB Lauro Malaparte 0-0: Ball
1-0: Ball
2-0: Swinging Strike
2-1: Ball
Passed Ball!
Joe Smith scores
Pancho Moreno to third
César Ortíz to second
3-1: Foul Ball, location: 7LMF
3-2: Fly out, F4 (Line Drive, 4M, EV 71.9 MPH)
Batting: RHB Dave Smith 0-0: Foul Ball, location: 23FF
0-1: Called Strike
0-2: Ball
1-2: Strikes out looking
Top of the 4th over - 1 run, 1 hit, 0 errors, 2 left on base; Syracuse 1 - Norfolk 2
BOTTOM OF THE 4TH
Norfolk Tides batting - Pitching for Syracuse Chiefs : LHP Jian-guo Liao
Batting: LHB Cristo Guerrero 0-0: Called Strike
0-1: Ball
1-1: Foul Ball, location: 23F
1-2: Fly out, F7 (Flyball, 7, EV 85.6 MPH)
Batting: RHB Jerry Powell 0-0: Ball
1-0: Called Strike
1-1: Foul Ball, location: 2LF
1-2: Ball
2-2: DOUBLE (Line Drive, 78D, EV 98.8 MPH)
Batting: RHB Conor Corbet 0-0: Ball
1-0: Swinging Strike
1-1: Fly out, F7 (Flyball, 7, EV 89.4 MPH)
Batting: LHB Dave Graham 0-0: Swinging Strike
0-1: Fly out, F9 (Flyball, 9S, EV 94.4 MPH)
Bottom of the 4th over - 0 runs, 1 hit, 0 errors, 1 left on base; Syracuse 1 - Norfolk 2
TOP OF THE 5TH
Syracuse Chiefs batting - Pitching for Norfolk Tides : RHP Jorge Arguelles
Batting: LHB Jamie Smith 0-0: Ball
1-0: Ground out U3 (Groundball, 3L, EV 105.0 MPH)
Batting: RHB Jim Thompson 0-0: Ball
1-0: Swinging Strike
1-1: Ground out 3-1 (Groundball, 34, EV 97.5 MPH)
Batting: RHB Jimmy Frazier 0-0: Called Strike
0-1: Ball
1-1: Ground out 5-3 (Groundball, 5S, EV 85.0 MPH)
Top of the 5th over - 0 runs, 0 hits, 0 errors, 0 left on base; Syracuse 1 - Norfolk 2
BOTTOM OF THE 5TH
Norfolk Tides batting - Pitching for Syracuse Chiefs : LHP Jian-guo Liao
Batting: RHB Víctor Vera 0-0: Ball
1-0: Called Strike
1-1: Foul Ball, location: 5SF
1-2: Foul Ball, location: 3FF
1-2: Ground out 6-3 (Groundball, 6, EV 103.1 MPH)
Batting: RHB Chuck Lee 0-0: Ground out 3-1 (Groundball, 34S, EV 75.0 MPH)
Batting: RHB Greg Clay 0-0: Foul Ball, location: 9LMF
0-1: Swinging Strike
0-2: Ball
1-2: Foul Ball, location: 9LSF
1-2: Ground out 5-3 (Groundball, 5, EV 106.3 MPH)
Bottom of the 5th over - 0 runs, 0 hits, 0 errors, 0 left on base; Syracuse 1 - Norfolk 2
TOP OF THE 6TH
Syracuse Chiefs batting - Pitching for Norfolk Tides : RHP Jorge Arguelles
Batting: RHB Randy Simms 0-0: Called Strike
0-1: Ball
1-1: Ball
2-1: Foul Ball, location: 7LDF
2-2: Ball
3-2: Base on Balls
Batting: RHB Joe Smith 0-0: Called Strike
0-1: Called Strike
Randy Simms is caught stealing 2nd base 2-4
0-2: Ball
1-2: Foul Ball, location: 25F
1-2: Foul Ball, location: 23FF
1-2: Ball
2-2: Fly out, F8 (Flyball, 8RD, EV 94.4 MPH)
Batting: LHB Pancho Moreno 0-0: Called Strike
0-1: Ball
1-1: Foul Ball, location: 3F
1-2: Ball
2-2: Fly out, F5 (Popup, 5F, EV 76.9 MPH)
Top of the 6th over - 0 runs, 0 hits, 0 errors, 0 left on base; Syracuse 1 - Norfolk 2
BOTTOM OF THE 6TH
Norfolk Tides batting - Pitching for Syracuse Chiefs : LHP Jian-guo Liao
Batting: LHB Jeff Hodge 0-0: Ball
1-0: Called Strike
1-1: Ground out 4-3 (Groundball, 4D, EV 98.8 MPH)
Batting: RHB Tommy Reyna 0-0: Foul Ball, location: 9LMF
0-1: Ball
1-1: Ball
2-1: Foul Ball, location: 2F
2-2: Ball
3-2: Ground out 5-3 (Groundball, 56, EV 96.3 MPH)
Batting: LHB Cristo Guerrero 0-0: Ball
1-0: Swinging Strike
1-1: Ball
2-1: Ball
3-1: Base on Balls
Batting: RHB Jerry Powell 0-0: Called Strike
0-1: Ball
1-1: SINGLE (Line Drive, 7LS, EV 103.1 MPH)
Cristo Guerrero to second
Batting: RHB Conor Corbet 0-0: Swinging Strike
0-1: SINGLE (Groundball, 6D, EV 110.0 MPH)
Cristo Guerrero to third
Jerry Powell to second
Runner from 3rd tries for Home, SAFE, throw by CF to home
Jerry Powell to third
Conor Corbet to second
Batting: LHB Dave Graham 0-0: Ball
1-0: Fly out, F6 (Popup, 6MS, EV 71.3 MPH)
Bottom of the 6th over - 1 run, 2 hits, 0 errors, 2 left on base; Syracuse 1 - Norfolk 3
TOP OF THE 7TH
Syracuse Chiefs batting - Pitching for Norfolk Tides : RHP Jorge Arguelles
Batting: RHB César Ortíz 0-0: SINGLE (Groundball, 4MS, EV 67.5 MPH) (infield hit)
Batting: LHB Lauro Malaparte 0-0: Called Strike
0-1: Fly out, F8 (Line Drive, 8LM, EV 88.1 MPH)
Batting: RHB Dave Smith 0-0: Foul Ball, location: 2F
0-1: Ball
1-1: Ball
2-1: Foul Ball, location: 25F
2-2: Foul Ball, location: 2F
2-2: Foul Ball, location: 23F
2-2: Fly out, F7 (Flyball, 78M, EV 91.3 MPH)
Batting: LHB Jamie Smith 0-0: Ball
1-0: Ground out 4-3 (Groundball, 4, EV 87.5 MPH)
Top of the 7th over - 0 runs, 1 hit, 0 errors, 1 left on base; Syracuse 1 - Norfolk 3
BOTTOM OF THE 7TH
Norfolk Tides batting - Pitching for Syracuse Chiefs : LHP Jian-guo Liao
Pitching: RHP Reginald Faulkner
Batting: RHB Víctor Vera 0-0: Ground out 6-3 (Groundball, 6, EV 100.0 MPH)
Batting: RHB Chuck Lee 0-0: Called Strike
0-1: Foul Ball, location: 3FF
0-2: Ball
1-2: Strikes out swinging
Batting: RHB Greg Clay 0-0: Ground out 5-3 (Groundball, 56, EV 84.4 MPH)
Bottom of the 7th over - 0 runs, 0 hits, 0 errors, 0 left on base; Syracuse 1 - Norfolk 3
TOP OF THE 8TH
Syracuse Chiefs batting - Pitching for Norfolk Tides : RHP Jorge Arguelles
Pitching: RHP Hugo Thouvenin
Batting: RHB Jim Thompson 0-0: Ball
1-0: Swinging Strike
1-1: Ball
2-1: Foul Ball, location: 23F
2-2: Ball
3-2: Foul Ball, location: 5F
3-2: Foul Ball, location: 25F
3-2: Strikes out swinging
Pinch Hitting: LHB Laurenço Meds 0-0: Foul Ball, location: 7LSF
0-1: Fly out, F5 (Line Drive, 5, EV 70.0 MPH)
Batting: RHB Randy Simms 0-0: Ball
1-0: Fly out, F8 (Flyball, 8LM, EV 94.4 MPH)
Top of the 8th over - 0 runs, 0 hits, 0 errors, 0 left on base; Syracuse 1 - Norfolk 3
BOTTOM OF THE 8TH
Norfolk Tides batting - Pitching for Syracuse Chiefs : RHP Reginald Faulkner
Now at 2B: Randy Simms
Now at SS: Pete Lindsay
Batting: LHB Jeff Hodge 0-0: Called Strike
0-1: Ball
1-1: Swinging Strike
1-2: Strikes out swinging, 2-3 out at first.
Batting: RHB Tommy Reyna 0-0: Ball
1-0: Ball
2-0: Called Strike
2-1: Called Strike
2-2: Foul Ball, location: 2F
2-2: Strikes out swinging
Batting: LHB Cristo Guerrero 0-0: Called Strike
0-1: DOUBLE (Line Drive, 89M, EV 91.3 MPH)
Batting: RHB Jerry Powell 0-0: Called Strike
0-1: Called Strike
0-2: Foul Ball, location: 5SF
0-2: Foul Ball, location: 2F
0-2: Ball
1-2: SINGLE (Line Drive, 5D, EV 97.5 MPH)
Cristo Guerrero to third
Runner from 3rd tries for Home, SAFE, throw by LF to home
Batting: RHB Conor Corbet 0-0: Ball
1-0: Ball
2-0: Ball
3-0: Called Strike
3-1: Swinging Strike
3-2: Strikes out looking
Bottom of the 8th over - 1 run, 2 hits, 0 errors, 1 left on base; Syracuse 1 - Norfolk 4
TOP OF THE 9TH
Syracuse Chiefs batting - Pitching for Norfolk Tides : RHP Hugo Thouvenin
Pitching: RHP Gyu-sik Lee
Now at 1B: Jorge Féliz
Now in RF: Jesús Lorenzo
Batting: RHB Joe Smith 0-0: Foul Ball, location: 9LSF
0-1: Called Strike
0-2: Foul Ball, location: 2F
0-2: Strikes out swinging
Batting: LHB Pancho Moreno 0-0: Ball
1-0: Called Strike
1-1: Ball
2-1: Foul Ball, location: 25FF
2-2: Fly out, F9 (Flyball, 9, EV 89.4 MPH)
Batting: RHB César Ortíz 0-0: Called Strike
0-1: Swinging Strike
0-2: Fly out, F9 (Flyball, 9LS, EV 82.5 MPH)
Top of the 9th over - 0 runs, 0 hits, 0 errors, 0 left on base; Syracuse 1 - Norfolk 4
Friday, May 3rd , 2024 - OOTP Baseball 24.10 Build 82